 Dungeon Crawl Stone Soup version 0.23.2-1-ga50397a (webtiles) character file.

Game seed: 9275781963400993323

1099 night the Cutter (level 8, 0/39 HPs)
             Began as a Vine Stalker Fighter on May 10, 2019.
             Was a Priest of Uskayaw.
             Killed by divine providence
             ... invoked by an orc priest
              (5 damage)
             ... on level 4 of the Dungeon.
             The game lasted 00:13:10 (3039 turns).

night the Cutter (Vine Stalker Fighter)             Turns: 3039, Time: 00:13:12

Health: 0/39       AC: 14    Str: 20    XL:     8   Next: 32%
Magic:  0/13       EV:  7    Int:  8    God:    Uskayaw [***...]
Gold:   107        SH:  9    Dex: 17    Spells: 7/7 levels left

rFire    . . .     SeeInvis .   a - +0 rapier
rCold    . . .     Gourm    .   c - +0 shield
rNeg     . . .     Faith    .   b - +0 scale mail
rPois    .         Spirit   +   s - +0 helmet
rElec    .         Reflect  .   A - +0 cloak
rCorr    .         Harm     .   x - +2 pair of gloves
MR       +....                  (no boots)
Stlth    ..........             (no amulet)
HPRegen  0.53/turn              o - +3 ring of protection
MPRegen  0.13/turn              C - +2 ring of dexterity

@: no status effects
A: fangs 3, regeneration 1, magic shield, antimagic bite, no potion heal 3, rot
immunity
a: Stomp, Line Pass, Renounce Religion


You were on level 4 of the Dungeon.
You worshipped Uskayaw.
Uskayaw was noncommittal.
You were not hungry.

You visited 1 branch of the dungeon, and saw 6 of its levels.

You collected 107 gold pieces.

Inventory:

Hand Weapons
 a - a +0 rapier (weapon)
 B - a +0 long sword
Missiles
 i - 37 bolts
 j - 100 stones (quivered)
 n - 111 arrows
 p - 4 poisoned needles
 E - 3 tomahawks
Armour
 b - a +0 scale mail (worn)
 c - a +0 shield (worn)
 m - a +0 buckler
 s - a +0 helmet (worn)
 x - a +2 pair of gloves (worn)
 A - a +0 cloak (worn)
Jewellery
 o - a +3 ring of protection (left hand)
 C - a +2 ring of dexterity (right hand)
Wands
 F - a wand of disintegration (19)
Scrolls
 g - a scroll of immolation {unknown}
 h - 10 scrolls of identify {unknown}
 k - 3 scrolls of amnesia {unknown}
 l - 3 scrolls of teleportation {unknown}
 r - a scroll of enchant armour {unknown}
 t - a scroll of blinking {unknown}
 u - a scroll of fear {unknown}
 y - a scroll of remove curse {unknown}
 z - a scroll of magic mapping {unknown}
Potions
 d - 4 potions of might
 e - 2 potions of flight {unknown}
 q - a potion of brilliance {unknown}
 w - a potion of agility {unknown}
 D - a potion of lignification {unknown}
Comestibles
 f - 9 rations
 v - 2 chunks of flesh


   Skills:
 - Level 2.6 Fighting
 + Level 7.3 Short Blades
 - Level 2.4 Armour
 - Level 2.6 Shields
 + Level 5.3 Invocations


You had 7 spell levels left.
You didn't know any spells.
Your spell library was empty.

Dungeon Overview and Level Annotations

Branches:
Dungeon (6/15)
 Temple: D:4-7

Altars:
Elyvilon
Uskayaw


Innate Abilities, Weirdness & Mutations

You have razor-sharp teeth.
Your natural rate of healing is unusually fast.
When hurt, damage is shared between your health and your magic reserves.
Your bite disrupts and absorbs the magic of your enemies.
Potions cannot restore your health.
You are immune to rotting.


Message History

Uskayaw will force your foes to helplessly watch your dance.
Uskayaw prepares the audience for your solo!
The helpless orc priest fails to defend itself.
You puncture the orc priest!
You bite the orc priest, but do no damage.
The orc priest is severely wounded.
The hound skeleton is no longer paralysed.
The orc priest is no longer paralysed. x2
The orc priest mumbles some strange prayers to Beogh against you.
Pain shoots through your body!
* * * LOW HITPOINT WARNING * * *
The hound skeleton bites you.
* * * LOW HITPOINT WARNING * * *
You puncture the orc priest!
You kill the orc priest!
The hound skeleton bites you.
* * * LOW HITPOINT WARNING * * *
The orc priest invokes the aid of Beogh against you.
Beogh smites you!
You die...

...... #.....# ......
.# ..... ..##. ...#
..... ..# .....# ###Z.#
......###.@[o#
.....[.......# #
##..........## .###.
##...........# .....
##....#........
....#####.....###..####
......##.....## ..#
.........##...###.##
........# ##......##


You could see an orc priest and a hound skeleton.

Vanquished Creatures
  An orc warrior (D:6)
  An ogre (D:6)
  3 centaurs (D:6)
  A big kobold (D:4)
  A bullfrog (D:6)
  3 scorpions
  An orc priest (D:4)
  Crazy Yiuf (D:3)
  A jelly (D:5)
  An orc wizard (D:4)
  An iguana (D:6)
  A worker ant (D:6)
  Robin (D:2)
  A worker ant zombie (D:6)
  11 adders
  An adder skeleton (D:6)
  A worm (D:2)
  12 dart slugs
  2 leopard geckos
  6 orcs
  3 giant cockroaches
  14 goblins
  8 hobgoblins
  7 jackals (D:1)
  A quokka (D:3)
  6 bats
  A frilled lizard (D:1)
  6 kobolds
  5 rats
102 creatures vanquished.

Notes
Turn   | Place    | Note
-------+----------+-------------------------------------------
     0 | D:1      | night the Vine Stalker Fighter began the quest for the Orb.
     0 | D:1      | Reached XP level 1. HP: 11/11 MP: 2/2
    16 | D:1      | You fall through a shaft!
    61 | D:2      | Reached skill level 2 in Short Blades
    61 | D:2      | Reached XP level 2. HP: 14/16 MP: 3/3
   286 | D:1      | Reached skill level 3 in Short Blades
   544 | D:1      | Reached XP level 3. HP: 18/19 MP: 4/4
  1219 | D:2      | Gained mutation: Your natural rate of healing is unusually
                  | fast. [Vine Stalker growth]
  1219 | D:2      | Reached XP level 4. HP: 17/23 MP: 5/5
  1299 | D:2      | Reached skill level 4 in Short Blades
  1432 | D:2      | Noticed Robin
  1474 | D:2      | Killed Robin
  1474 | D:2      | Reached XP level 5. HP: 27/27 MP: 4/6
  1788 | D:2      | Found a hide-covered altar of Uskayaw.
  1818 | D:2      | Became a worshipper of Uskayaw the Reveler
  1863 | D:2      | Reached skill level 5 in Short Blades
  1863 | D:2      | Reached * piety under Uskayaw
  1923 | D:3      | Reached ** piety under Uskayaw
  1934 | D:3      | Reached *** piety under Uskayaw
  2046 | D:3      | Found a white marble altar of Elyvilon.
  2118 | D:3      | Found a runed translucent door.
  2119 | D:3      | Noticed Crazy Yiuf
  2134 | D:3      | Killed Crazy Yiuf
  2134 | D:3      | Reached skill level 1 in Invocations
  2134 | D:3      | Reached XP level 6. HP: 13/32 MP: 2/7
  2215 | D:3      | You fall through a shaft for 3 floors!
  2322 | D:6      | Noticed an orc warrior
  2339 | D:6      | Killed an orc warrior
  2343 | D:6      | Reached **** piety under Uskayaw
  2456 | D:6      | Reached skill level 6 in Short Blades
  2456 | D:6      | Reached XP level 7. HP: 23/35 MP: 8/10
  2854 | D:6      | Gained mutation: You have razor-sharp teeth. [Vine Stalker
                  | growth]
  2854 | D:6      | Reached XP level 8. HP: 32/39 MP: 10/12
  2906 | D:5      | Entered Level 5 of the Dungeon
  2913 | D:5      | Reached skill level 7 in Short Blades
  2952 | D:4      | Reached skill level 5 in Invocations
  3039 | D:4      | Killed from afar by an orc priest

Skill      XL: |  1  2  3  4  5  6  7  8 |
---------------+-------------------------+-----
Short Blades   | 2 3 4 5 6 7 |  7.3
Invocations    | 1 3 4 5 |  5.3
Fighting       | |  2.6
Armour         | |  2.4
Shields        | |  2.6

Action                   |  1- 3 |  4- 6 |  7- 9 || total
-------------------------+-------+-------+-------++-------
Melee: Rapier            |   100 |   197 |    93 ||   390
       Bite              |    22 |    54 |    40 ||   116
Invok: Line Pass         |       |     1 |       ||     1
 Stab: Paralysed         |       |     4 |     4 ||     8
       Distracted        |       |     1 |       ||     1
  Eat: Chunk             |     1 |     5 |     2 ||     8
Armor: Scale mail        |    42 |    67 |    25 ||   134
Dodge: Dodged            |    24 |    63 |    23 ||   110
Block: Shield            |    44 |   106 |    41 ||   191
